MLB
WASHINGTON NATIONALS @ MILWAUKEE BREWERS
03/12/2042
 
TOP OF THE 1ST
Washington Nationals batting - Pitching for Milwaukee Brewers : RHP Arturo Gil
Pitching: RHP Arturo Gil
Batting: LHB Dana Martin 0-0: Ground out 6-3 (Groundball, 6, EV 102.5 MPH)
Batting: LHB Dwayne Charles 0-0: Foul Ball, location: 5FF
0-1: Single, Error in OF, E8, batter to second base (Line Drive, 4MD, EV 103.8 MPH)
Batting: SHB António Villarreal 0-0: Ball
1-0: Called Strike
1-1: Called Strike
1-2: Strikes out looking
Batting: RHB Doug Watts 0-0: Swinging Strike
0-1: Swinging Strike
0-2: Strikes out swinging
Top of the 1st over - 0 runs, 1 hit, 1 error, 1 left on base; Washington 0 - Milwaukee 0
BOTTOM OF THE 1ST
Milwaukee Brewers batting - Pitching for Washington Nationals : RHP Jeff Houston
Pitching: RHP Jeff Houston
Batting: LHB Dave Lynch 0-0: Ball
1-0: Ground out U3 (Groundball, 3L, EV 96.9 MPH)
Batting: LHB Jake Allen 0-0: Ball
1-0: Swinging Strike
1-1: Ball
2-1: Ball
3-1: Called Strike
3-2: Foul Ball, location: 9LMF
3-2: Base on Balls
Batting: RHB Pepe Franco 0-0: Called Strike
0-1: Foul Ball, location: 2F
0-2: Fly out, F5 (Popup, 5SF, EV 75.6 MPH)
Batting: LHB Jesús Garza 0-0: Called Strike
0-1: Foul Ball, location: 2F
0-2: Ball
1-2: Ball
2-2: Foul Ball, location: 23F
2-2: Ball
3-2: Fly out, F9 (Flyball, 9D, EV 90.6 MPH)
Bottom of the 1st over - 0 runs, 0 hits, 0 errors, 1 left on base; Washington 0 - Milwaukee 0
TOP OF THE 2ND
Washington Nationals batting - Pitching for Milwaukee Brewers : RHP Arturo Gil
Batting: LHB Gilberto Macías 0-0: Ball
1-0: Fly out, F8 (Flyball, 8LM, EV 93.1 MPH)
Batting: LHB Brad Numbers 0-0: Called Strike
0-1: Ball
1-1: Foul Ball, location: 7LDF
1-2: Ball
2-2: Ball
3-2: Strikes out swinging
Batting: SHB Dave Dulin 0-0: Foul Ball, location: 2F
0-1: Ball
1-1: Swinging Strike
1-2: Strikes out looking
Top of the 2nd over - 0 runs, 0 hits, 0 errors, 0 left on base; Washington 0 - Milwaukee 0
BOTTOM OF THE 2ND
Milwaukee Brewers batting - Pitching for Washington Nationals : RHP Jeff Houston
Batting: LHB Jeff Flowers 0-0: Ball
1-0: Ball
2-0: Foul Ball, location: 3FF
2-1: Called Strike
2-2: TRIPLE (Flyball, 9D, EV 105.0 MPH)
Batting: RHB José Cruz 0-0: Ball
1-0: Swinging Strike
1-1: Ball
2-1: Foul Ball, location: 2F
2-2: Strikes out swinging
Batting: LHB Jorge Ramírez 0-0: Foul Ball, location: 9LSF
0-1: Ball
1-1: Called Strike
1-2: Ball
2-2: Strikes out swinging, 2-3 out at first.
Batting: RHB António Hernández 0-0: Ball
1-0: Ball
2-0: Ground out 4-3 (Groundball, 4D, EV 101.9 MPH)
Bottom of the 2nd over - 0 runs, 1 hit, 0 errors, 1 left on base; Washington 0 - Milwaukee 0
TOP OF THE 3RD
Washington Nationals batting - Pitching for Milwaukee Brewers : RHP Arturo Gil
Batting: RHB Jerry Clayton 0-0: Ball
1-0: Ball
2-0: Foul Ball, location: 23FF
2-1: Ball
3-1: Foul Ball, location: 7LDF
3-2: Strikes out looking
Batting: RHB Juan Palácios 0-0: Ball
1-0: Fly out, F8 (Flyball, 8LD, EV 108.1 MPH)
Batting: LHB Dana Martin 0-0: Called Strike
0-1: Foul Ball, location: 3F
0-2: Foul Ball, location: 5SF
0-2: Ball
1-2: Foul Ball, location: 5FF
1-2: Strikes out swinging
Top of the 3rd over - 0 runs, 0 hits, 0 errors, 0 left on base; Washington 0 - Milwaukee 0
BOTTOM OF THE 3RD
Milwaukee Brewers batting - Pitching for Washington Nationals : RHP Jeff Houston
Batting: RHB Dan Howard 0-0: Called Strike
0-1: Ball
1-1: Ball
2-1: Foul Ball, location: 2RF
2-2: Ball
3-2: Base on Balls
Batting: LHB Dave Lynch 0-0: Called Strike
Dan Howard steals 2nd base
0-1: Ball
1-1: Ball
2-1: Bunted foul
2-2: Ball
3-2: Base on Balls
Batting: LHB Jake Allen 0-0: Ball
1-0: Ball
2-0: Called Strike
2-1: Foul Ball, location: 2F
2-2: Foul Ball, location: 7LDF
2-2: Fly out, F8 (Flyball, 78M, EV 86.9 MPH)
Batting: RHB Pepe Franco 0-0: Ball
1-0: Ball
2-0: 3-RUN HOME RUN (Flyball, 7D, EV 99.4 MPH), Distance : 411 ft
Batting: LHB Jesús Garza 0-0: Ball
1-0: Swinging Strike
1-1: Ball
2-1: Ball
3-1: Called Strike
3-2: SINGLE (Line Drive, 34D, EV 109.4 MPH)
Batting: LHB Jeff Flowers 0-0: Called Strike
0-1: Foul Ball, location: 7LSF
0-2: Fly out, F5 (Popup, 5SF, EV 80.0 MPH)
Batting: RHB José Cruz 0-0: Ball
1-0: Called Strike
Jesús Garza steals 2nd base
1-1: Foul Ball, location: 5F
1-2: Ball
2-2: Foul Ball, location: 7LSF
2-2: Strikes out looking
Bottom of the 3rd over - 3 runs, 2 hits, 0 errors, 1 left on base; Washington 0 - Milwaukee 3
TOP OF THE 4TH
Washington Nationals batting - Pitching for Milwaukee Brewers : RHP Arturo Gil
Batting: LHB Dwayne Charles 0-0: Called Strike
0-1: Reached via error on a dropped throw from 1B, E1 (Groundball, 34, EV 83.1 MPH)
Batting: SHB António Villarreal 0-0: Ball
1-0: Ball
2-0: Ball
3-0: Ground out U3 (Groundball, 3, EV 69.4 MPH)
Dwayne Charles to second
Batting: RHB Doug Watts 0-0: Ball
1-0: Swinging Strike
1-1: Called Strike
Dwayne Charles steals 3rd base
1-2: Ground out 4-3 (Groundball, 4, EV 92.5 MPH)
Dwayne Charles scores
Batting: LHB Gilberto Macías 0-0: Ball
1-0: Foul Ball, location: 2F
1-1: Ball
2-1: Ball
3-1: Base on Balls
Batting: LHB Brad Numbers 0-0: Foul Ball, location: 2F
0-1: Swinging Strike
0-2: Ball
1-2: Ball
2-2: Ball
3-2: Foul Ball, location: 3SF
3-2: Base on Balls
Gilberto Macías to second
Batting: SHB Dave Dulin 0-0: SINGLE (Groundball, 4MD, EV 108.1 MPH)
Gilberto Macías to third
Brad Numbers to second
Runner from 3rd tries for Home, SAFE, throw by CF to home
Batting: RHB Jerry Clayton 0-0: Ball
1-0: Called Strike
1-1: Swinging Strike
1-2: DOUBLE (Line Drive, 78D, EV 106.3 MPH)
Brad Numbers scores
Dave Dulin to third
Batting: RHB Juan Palácios 0-0: Ball
1-0: Called Strike
1-1: DOUBLE (Groundball, 5L, EV 111.3 MPH)
Dave Dulin scores
Jerry Clayton scores
Batting: LHB Dana Martin 0-0: Ball
1-0: Ball
2-0: Called Strike
2-1: Foul Ball, location: 2F
2-2: Fly out, F8 (Flyball, 8RXD, EV 95.6 MPH)
Top of the 4th over - 5 runs, 3 hits, 1 error, 1 left on base; Washington 5 - Milwaukee 3
BOTTOM OF THE 4TH
Milwaukee Brewers batting - Pitching for Washington Nationals : RHP Jeff Houston
Pitching: LHP Willie Estrada
Batting: LHB Jorge Ramírez 0-0: Called Strike
0-1: Called Strike
0-2: Strikes out swinging
Batting: RHB António Hernández 0-0: Ball
1-0: Ball
2-0: Called Strike
2-1: Foul Ball, location: 3DF
2-2: Foul Ball, location: 5SF
2-2: Fly out, F1 (Line Drive, P, EV 68.1 MPH)
Batting: RHB Dan Howard 0-0: Called Strike
0-1: Foul Ball, location: 2F
0-2: Strikes out swinging
Bottom of the 4th over - 0 runs, 0 hits, 0 errors, 0 left on base; Washington 5 - Milwaukee 3
TOP OF THE 5TH
Washington Nationals batting - Pitching for Milwaukee Brewers : RHP Arturo Gil
Pitching: RHP Sergio Hernández
Now at 2B: Dan Howard
Now at 3B: Jesús Jiménez
Now at SS: Dan Thompson
Now in LF: Wally Brown
Now in CF: Dylan Miles
Pinch Hitting: LHB Eric Tushinghem 0-0: Ball
1-0: Swinging Strike
1-1: Ball
2-1: Ball
3-1: Called Strike
3-2: Strikes out looking
Batting: SHB António Villarreal 0-0: Ball
1-0: Ground out U3 (Groundball, 34, EV 83.8 MPH)
Batting: RHB Doug Watts 0-0: Foul Ball, location: 2F
0-1: Called Strike
0-2: Ball
1-2: Ground out 4-3 (Groundball, 4, EV 100.6 MPH)
Top of the 5th over - 0 runs, 0 hits, 0 errors, 0 left on base; Washington 5 - Milwaukee 3
BOTTOM OF THE 5TH
Milwaukee Brewers batting - Pitching for Washington Nationals : LHP Willie Estrada
Now at 1B: Jon Thurman
Now at 3B: Juan Trevino
Now in LF: Dana Martin
Now in CF: Eric Tushinghem
Batting: LHB Wally Brown 0-0: Ball
1-0: Swinging Strike
1-1: Swinging Strike
1-2: Ball
2-2: Foul Ball, location: 25F
2-2: Strikes out swinging
Pinch Hitting: LHB Juan Bruno 0-0: Foul Ball, location: 2F
0-1: Ground out 5-3 (Groundball, 5, EV 81.9 MPH)
Batting: SHB Dylan Miles 0-0: Called Strike
0-1: Ground out 4-3 (Groundball, 4, EV 93.1 MPH)
Bottom of the 5th over - 0 runs, 0 hits, 0 errors, 0 left on base; Washington 5 - Milwaukee 3
TOP OF THE 6TH
Washington Nationals batting - Pitching for Milwaukee Brewers : RHP Sergio Hernández
Now at C: Juan Ortíz
Now at 1B: José Hernández
Now in RF: Juan Bruno
Pinch Hitting: LHB Bobby Flowers 0-0: Ball
1-0: Ball
2-0: Foul Ball, location: 7LMF
2-1: Ball
3-1: Foul Ball, location: 7LMF
3-2: Strikes out looking
Batting: SHB Jorge Acosta 0-0: Foul Ball, location: 2RF
0-1: Ball
1-1: Ball
2-1: Called Strike
2-2: Fly out, F3 (Popup, 34S, EV 78.8 MPH)
Batting: RHB Jon Thurman 0-0: Ball
1-0: Ball
2-0: Fly out, F9 (Line Drive, 89S, EV 93.1 MPH)
Top of the 6th over - 0 runs, 0 hits, 0 errors, 0 left on base; Washington 5 - Milwaukee 3
BOTTOM OF THE 6TH
Milwaukee Brewers batting - Pitching for Washington Nationals : LHP Willie Estrada
Pitching: LHP Albert Correa
Now at C: Ernesto Paganin
Now at 1B: Ron Clements
Now at 2B: Jon Thurman
Now in LF: Esteban Gonzáles
Now in RF: Cal Brown
Batting: RHB Dan Thompson 0-0: Called Strike
0-1: Ball
1-1: Swinging Strike
1-2: Foul Ball, location: 9LDF
1-2: Ball
2-2: Ground out 6-3 (Groundball, 6M, EV 105.6 MPH)
Batting: SHB José Hernández 0-0: SOLO HOME RUN (Flyball, 78XD, EV 109.4 MPH), Distance : 451 ft
Pinch Hitting: RHB Pat O'Brian 0-0: Ball
1-0: Fly out, F3 (Popup, 3SF, EV 83.1 MPH)
Batting: RHB José Hernández 0-0: Called Strike
0-1: Foul Ball, location: 9LDF
0-2: Ground out 4-3 (Groundball, 34D, EV 101.3 MPH)
Bottom of the 6th over - 1 run, 1 hit, 0 errors, 0 left on base; Washington 5 - Milwaukee 4
TOP OF THE 7TH
Washington Nationals batting - Pitching for Milwaukee Brewers : RHP Sergio Hernández
Pitching: RHP José Novales
Now at 2B: Pat O'Brian
Now at 3B: Clement Santegoeds
Batting: SHB Juan Trevino 0-0: Ball
1-0: Ball
2-0: Called Strike
2-1: Swinging Strike
2-2: Ball
3-2: Strikes out swinging
Pinch Hitting: SHB Luis Mota 0-0: Ball
1-0: Swinging Strike
1-1: Fly out, F7 (Flyball, 7D, EV 83.1 MPH)
Batting: LHB Cal Brown 0-0: Ground out 4-3 (Groundball, 4, EV 97.5 MPH)
Top of the 7th over - 0 runs, 0 hits, 0 errors, 0 left on base; Washington 5 - Milwaukee 4
BOTTOM OF THE 7TH
Milwaukee Brewers batting - Pitching for Washington Nationals : LHP Albert Correa
Now at SS: Luis Mota
Batting: RHB Juan Ortíz 0-0: Foul Ball, location: 9LDF
0-1: Ground out U3 (Groundball, 34, EV 80.0 MPH)
Pinch Hitting: SHB Wes Martin 0-0: Called Strike
0-1: Fly out, F8 (Flyball, 89S, EV 81.9 MPH)
Batting: LHB Wally Brown 0-0: Ball
1-0: Fly out, F3 (Popup, 3F, EV 63.1 MPH)
Bottom of the 7th over - 0 runs, 0 hits, 0 errors, 0 left on base; Washington 5 - Milwaukee 4
TOP OF THE 8TH
Washington Nationals batting - Pitching for Milwaukee Brewers : RHP José Novales
Now at 3B: Pat Hicks
Batting: LHB Eric Tushinghem 0-0: Ball
1-0: Ball
2-0: Called Strike
2-1: Foul Ball, location: 9LSF
2-2: Strikes out swinging, 2-3 out at first.
Batting: RHB Ernesto Paganin 0-0: Fly out, F6 (Popup, 4MD, EV 49.4 MPH)
Batting: RHB Esteban Gonzáles 0-0: Called Strike
0-1: Ball
1-1: Ground out 3-1 (Groundball, 34S, EV 75.6 MPH)
Top of the 8th over - 0 runs, 0 hits, 0 errors, 0 left on base; Washington 5 - Milwaukee 4
BOTTOM OF THE 8TH
Milwaukee Brewers batting - Pitching for Washington Nationals : LHP Albert Correa
Pitching: RHP Jimmy Reid
Batting: LHB Juan Bruno 0-0: Called Strike
0-1: Ball
1-1: Ball
2-1: Called Strike
2-2: Foul Ball, location: 7LMFF
2-2: Ball
3-2: Foul Ball, location: 7LDF
3-2: Strikes out swinging
Batting: SHB Dylan Miles 0-0: Ball
1-0: Ball
2-0: SINGLE (Groundball, 6MD, EV 103.1 MPH)
Batting: RHB Dan Thompson 0-0: Ball
1-0: Ball
2-0: Called Strike
2-1: Swinging Strike
2-2: Strikes out swinging
Batting: SHB José Hernández 0-0: Swinging Strike
0-1: Ball
1-1: Foul Ball, location: 2F
1-2: Ball
2-2: Strikes out swinging
Bottom of the 8th over - 0 runs, 1 hit, 0 errors, 1 left on base; Washington 5 - Milwaukee 4
TOP OF THE 9TH
Washington Nationals batting - Pitching for Milwaukee Brewers : RHP José Novales
Pitching: RHP Ken Ewing
Pinch Hitting: SHB Bernardo Reyes 0-0: Swinging Strike
0-1: Swinging Strike
0-2: Ball
1-2: Ball
2-2: Ball
3-2: Strikes out swinging
Batting: SHB Jorge Acosta 0-0: Ball
1-0: Ball
2-0: Ball
3-0: Called Strike
3-1: Foul Ball, location: 5F
3-2: Base on Balls
Batting: RHB Jon Thurman 0-0: Ball
1-0: Ball
2-0: SINGLE (Groundball, 56D, EV 98.8 MPH)
Jorge Acosta to second
Pitching: RHP Arturo Acevedo
Batting: SHB Juan Trevino 0-0: Ball
1-0: Ball
2-0: Called Strike
2-1: Fly out, F9 (Flyball, 9LM, EV 89.4 MPH)
Runner from 2nd tags up, SAFE at 3rd, no throw by RF
Batting: SHB Luis Mota 0-0: Ball
1-0: Ball
2-0: Called Strike
2-1: Swinging Strike
2-2: Foul Ball, location: 5F
2-2: Ball
3-2: Foul Ball, location: 2F
3-2: Foul Ball, location: 2F
3-2: Foul Ball, location: 2F
3-2: Foul Ball, location: 5FF
3-2: Strikes out looking
Top of the 9th over - 0 runs, 1 hit, 0 errors, 2 left on base; Washington 5 - Milwaukee 4
BOTTOM OF THE 9TH
Milwaukee Brewers batting - Pitching for Washington Nationals : RHP Jimmy Reid
Pitching: LHP José Medellín
Now at 1B: Bernardo Reyes
Batting: RHB Pat O'Brian 0-0: Called Strike
0-1: Fly out, F9 (Flyball, 9S, EV 93.8 MPH)
Batting: RHB José Hernández 0-0: Ball
1-0: Called Strike
1-1: Foul Ball, location: 2F
1-2: Strikes out swinging, 2-3 out at first.
Batting: RHB Juan Ortíz 0-0: Ball
1-0: Foul Ball, location: 9LDF
1-1: Ball
2-1: Ball
3-1: Called Strike
3-2: Base on Balls
Pinch Hitting: SHB Jorge Miranda 0-0: Foul Ball, location: 2F
0-1: Ball
1-1: Swinging Strike
1-2: Ball
2-2: Ball
3-2: Ground out 6-3 (Groundball, 6, EV 105.0 MPH)
Bottom of the 9th over - 0 runs, 0 hits, 0 errors, 1 left on base; Washington 5 - Milwaukee 4
Friday, May 3rd , 2024 - OOTP Baseball 24.10 Build 82